 Dungeon Crawl Stone Soup version 0.18.1-8-gdd0e5ea (webtiles) character file.

36521 shmeve the Blocker (level 13, -3/184 HPs)
             Began as a Minotaur Berserker on May 22, 2016.
             Was the Champion of Trog.
             Slain by a 14-headed hydra (6 damage)
             ... on level 7 of the Lair of Beasts.
             The game lasted 00:38:00 (12969 turns).

shmeve the Blocker (Minotaur Berserker)            Turns: 12969, Time: 00:38:01

Health: -3/184     AC: 26    Str: 33    XL:     13   Next: 53%
Magic:  12/12      EV:  9    Int:  4    God:    Trog [******]
Gold:   920        SH: 21    Dex:  9    Spells: 0 memorised, 12 levels left

rFire  . . .     SeeInvis .     W - +5 broad axe (venom)
rCold  . . .     Gourm    .     O - +0 plate armour
rNeg   . . .     Faith    .     d - +0 large shield
rPois  +         Spirit   .     g - +2 hat
rElec  .         Dismiss  .     B - +1 cloak
rCorr  .         Reflect  .     e - +0 pair of gloves
SustAt .         Harm     .     t - +2 pair of boots
MR     ++...                    K - amulet of regeneration
Stlth  ..........               Y - ring of poison resistance
                                p - +3 ring of protection

@: berserking (expiring), regenerating, very quick, very resistant to hostile
enchantments, extremely unstealthy
A: retaliatory headbutt, horns 2
a: Berserk, Trog's Hand, Brothers in Arms, Burn Spellbooks, Renounce Religion


You were on level 7 of the Lair of Beasts.
You worshipped Trog.
Trog was exalted by your worship.
You were not hungry.

You visited 2 branches of the dungeon, and saw 18 of its levels.

You collected 1199 gold pieces.
You spent 279 gold pieces at shops.

Inventory:

Hand Weapons
 E - the +2 broad axe of Nuebberek {holy, *Corrode rElec Str+4}
   (Trog gifted it to you on level 1 of the Lair of Beasts)

   It has been blessed by the Shining One to cause great damage to the undead
   and demons.
   It affects your strength (+4).
   It insulates you from electricity.
   It may corrode you when you take damage.
 W - a +5 broad axe of venom (weapon)
Armour
 d - a +0 large shield (worn)
 e - a +0 pair of gloves (worn)
 g - a +2 hat (worn)
 t - a +2 pair of boots (worn)
 B - a +1 cloak (worn)
 O - a +0 plate armour (worn)
Jewellery
 a - a +3 ring of evasion
 p - a +3 ring of protection (left hand)
 K - an amulet of regeneration (around neck)
 N - a +3 ring of protection
 Y - a ring of poison resistance (right hand)
Wands
 I - a wand of digging (11/24)
Scrolls
 f - 2 scrolls of fog
 h - 4 scrolls of blinking
 s - 5 scrolls of fear
 u - 2 scrolls of magic mapping
 v - 3 scrolls of teleportation
 y - 5 scrolls of remove curse
 C - 3 scrolls of recharging
 D - 2 scrolls of enchant armour
 P - a scroll of holy word
Potions
 b - 2 potions of haste
 i - 6 potions of cancellation
 n - 5 potions of curing
 o - 3 potions of might
 r - a potion of ambrosia {unknown}
 w - 3 potions of resistance
 z - a potion of degeneration {unknown}
 F - a potion of flight {unknown}
 G - a potion of cure mutation
 J - a potion of lignification {unknown}
 M - 5 potions of heal wounds
 Q - 2 potions of brilliance {unknown}
 U - a potion of beneficial mutation {unknown}
 Z - 2 potions of invisibility {unknown}
Comestibles
 c - 11 bread rations
 l - 2 beef jerkies
 x - a slice of pizza
 A - 11 meat rations
 L - 3 royal jellies
 V - 2 fruits


   Skills:
 * Level 13.9 Fighting
 * Level 14.0 Axes
 + Level 9.6 Armour
 + Level 9.6 Dodging
 * Level 14.2 Shields


You had 12 spell levels left.
You didn't know any spells.

Dungeon Overview and Level Annotations

Branches:
Dungeon (11/15)            Temple (0/1) D:6            Lair (7/8) D:11
  Swamp (0/4) Lair:6        Snake (0/4) Lair:6        Slime (0/6) Lair:6
    Orc (0/2) D:11

Altars:
Dithmenos
Makhleb
Nemelex Xobeh
Okawaru
Pakellas
Ru
Sif Muna
Trog
Vehumet
Xom
Yredelemnul
The Shining One
Jiyva

Shops:
D:4 %(}   D:5 [   D:7 :   D:11 :


Innate Abilities, Weirdness & Mutations

You reflexively headbutt those who attack you in melee.
You have a pair of horns on your head.


Message History

You lop one of the 13-headed hydra's heads off!
The 12-headed hydra grows two more!
You slash the 14-headed hydra!
The 14-headed hydra is almost dead.
You slash the wyvern!
The wyvern is moderately wounded.
You slash the griffon!
The griffon is heavily wounded.
The black mamba bites you.
* * * LOW HITPOINT WARNING * * *
You block the griffon's attack.
The griffon pecks you but does no damage.
You block the griffon's attack. You block the wyvern's attack.
You block the 14-headed hydra's attack. The 14-headed hydra closely misses you.
The 14-headed hydra bites you but does no damage. x4
The 14-headed hydra barely misses you. You block the 14-headed hydra's attack.
The 14-headed hydra bites you!
* * * LOW HITPOINT WARNING * * *
The 14-headed hydra bites you but does no damage.
The 14-headed hydra bites you.
You die...

....P..#...#.#
......##..P..# ..
PP.#.###PPPP.# ...
##.### #..P## #P. #
##.######.P.######..+..
##.##....P.##.#..#....
..#...#.P...............
#......PP.....lDS......
..P.....PP.....†@†H.....
.......#........HHH....$
....#####.......###.....
..P# #........# .... ###
##.....### ... #######
.. .


You could see a 14-headed hydra, a griffon, a manticore, a black mamba, 2
hippogriffs and a wyvern.

Vanquished Creatures
  A dire elephant (Lair:4)
  Snorg (D:11)
  9 hydras
  Urug (D:11)
  A hill giant (D:10)
  A griffon (Lair:7)
  2 manticores (Lair:7)
  Joseph (D:9)
  14 elephants
  3 black mambas
  Psyche (D:8)
  A centaur skeleton (D:10)
  9 spiny frogs
  2 rime drakes
  5 blink frogs (Lair:5)
  A spriggan (D:10)
  26 yaks
  6 wyverns
  10 hippogriffs
  3 basilisks
  The ghost of penpaper the Charmwright, an amateur HESk (D:3)
  3 swamp worms (Lair:6)
  3 nagas (Lair:6)
  10 water moccasins
  3 porcupines
  2 hell hounds (Lair:7)
  4 ice beasts
  A sky beast (D:4)
  An orc warrior (D:8)
  An eye of draining (D:10)
  2 phantoms
  6 ogres
  A necrophage (D:10)
  11 crocodiles
  4 centaurs
  3 wolves (Lair:6)
  A big kobold (D:10)
  17 giant frogs
  2 scorpions (D:4)
  4 killer bees (D:8)
  An electric eel (Lair:6)
  A howler monkey (D:6)
  6 crimson imps
  2 centaur zombies
  3 jellies
  4 hounds
  4 orc priests
  5 orc wizards
  9 iguanas
  Jessica (D:2)
  A gnoll shaman (D:9)
  9 worker ants
  3 hell rats (Lair:2)
  13 sheep
  3 hound skeletons
  A worker ant zombie (D:8)
  10 gnolls
  9 adders
  46 river rats
  2 shadow imps
  2 oozes
  An adder zombie (D:10)
  An adder skeleton (D:5)
  4 worms
  2 dart slugs
  5 giant geckos
  25 orcs
  2 ball pythons
  3 bats (D:3)
  A giant cockroach (D:4)
  9 goblins
  4 hobgoblins
  3 jackals (D:4)
  10 quokkas
  4 giant newts
  A jackal skeleton (D:4)
  12 kobolds
  2 quokka skeletons (D:4)
  26 rats
  6 fungi
434 creatures vanquished.

Vanquished Creatures (others)
  4 plants (Lair:7)
4 creatures vanquished.

Grand Total: 438 creatures vanquished

Notes
Turn   | Place    | Note
--------------------------------------------------------------
     0 | D:1      | shmeve the Minotaur Berserker began the quest for the Orb.
     0 | D:1      | Reached XP level 1. HP: 19/19 MP: 0/0
   323 | D:1      | Reached XP level 2. HP: 27/27 MP: 1/1
   880 | D:2      | Reached XP level 3. HP: 31/33 MP: 2/2
   934 | D:2      | Noticed Jessica
   941 | D:2      | Killed Jessica
  1009 | D:2      | Reached ** piety under Trog
  1057 | D:2      | Reached XP level 4. HP: 41/41 MP: 3/3
  1397 | D:3      | Reached skill level 5 in Fighting
  1400 | D:3      | Reached XP level 5. HP: 48/48 MP: 4/4
  1619 | D:3      | Noticed penpaper's ghost (amateur HESk)
  1626 | D:3      | Killed penpaper's ghost
  1626 | D:3      | Reached skill level 5 in Axes
  1626 | D:3      | Reached XP level 6. HP: 56/56 MP: 5/5
  1813 | D:4      | Reached skill level 1 in Shields
  1854 | D:4      | Found a burning altar of Makhleb.
  1854 | D:4      | Found a sacrificial altar of Ru.
  1890 | D:4      | Reached *** piety under Trog
  2405 | D:4      | Reached XP level 7. HP: 42/61 MP: 6/6
  2543 | D:4      | Found Cuaxe's Gadget Emporium.
  2621 | D:4      | Reached skill level 5 in Shields
  2796 | D:4      | Found Tobiuhodd's Food Emporium.
  2895 | D:4      | Found Wycseb's Antique Weapon Emporium.
  2903 | D:4      | Bought a glowing hand axe for 93 gold pieces
  3135 | D:4      | Found a shimmering altar of Xom.
  3135 | D:4      | Found an iron altar of Okawaru.
  3135 | D:4      | Found a bloodstained altar of Trog.
  3288 | D:5      | Entered Level 5 of the Dungeon
  3384 | D:5      | You fall through a shaft for 3 floors!
  3384 | D:8      | Found a shadowy altar of Dithmenos.
  3394 | D:8      | Reached XP level 8. HP: 71/71 MP: 7/7
  3843 | D:7      | Found a basalt altar of Yredelemnul.
  3870 | D:7      | Found Namom's Book Boutique.
  4157 | D:7      | Found a deep blue altar of Sif Muna.
  4268 | D:5      | Found a sparkling altar of Nemelex Xobeh.
  4347 | D:5      | Found Wuekuizu's Armour Emporium.
  4350 | D:5      | Bought a +0 large shield for 54 gold pieces
  4350 | D:5      | Bought a +1 hat for 132 gold pieces
  4469 | D:5      | Reached skill level 5 in Armour
  4481 | D:5      | Reached **** piety under Trog
  4592 | D:5      | Reached XP level 9. HP: 80/80 MP: 8/8
  4613 | D:5      | Reached skill level 5 in Dodging
  4910 | D:6      | Found a staircase to the Ecumenical Temple.
  5159 | D:6      | Found a radiant altar of Vehumet.
  5503 | D:7      | Found a glowing golden altar of the Shining One.
  5790 | D:8      | Noticed Psyche
  5798 | D:8      | Killed Psyche
  5821 | D:8      | Reached ***** piety under Trog
  5831 | D:8      | Got a transparent ring mail
  5832 | D:8      | Identified the cursed +0 ring mail of Hedging {rPois MR- MP+9 Str+2} (You found it on level 8 of the Dungeon)
  5875 | D:8      | Found an oddly glowing altar of Pakellas.
  6273 | D:9      | Noticed Joseph
  6293 | D:9      | Killed Joseph
  6571 | D:10     | Entered Level 10 of the Dungeon
  6571 | D:10     | Found a shimmering altar of Xom.
  6571 | D:10     | Found a shimmering altar of Xom.
  6571 | D:10     | Found a shimmering altar of Xom.
  6572 | D:10     | Found a shimmering altar of Xom.
  6572 | D:10     | Found a shimmering altar of Xom.
  6572 | D:10     | Found a shimmering altar of Xom.
  6580 | D:10     | Found a shimmering altar of Xom.
  6598 | D:10     | Reached XP level 10. HP: 91/91 MP: 0/9
  6676 | D:10     | Noticed a hill giant
  6684 | D:10     | Killed a hill giant
  6795 | D:10     | Reached skill level 10 in Shields
  6926 | D:10     | Reached skill level 10 in Axes
  6928 | D:10     | Reached skill level 10 in Fighting
  7404 | D:11     | Noticed Snorg
  7419 | D:11     | Killed Snorg
  7475 | D:11     | Reached XP level 11. HP: 92/101 MP: 10/10
  7483 | D:11     | Found Biziruy's Book Boutique.
  7493 | D:11     | Noticed Urug
  7494 | D:11     | Found a staircase to the Orcish Mines.
  7509 | D:11     | Killed Urug
  7541 | D:11     | Found a staircase to the Lair.
  7597 | Lair:1   | Entered Level 1 of the Lair of Beasts
  7901 | Lair:1   | Noticed a six-headed hydra
  7910 | Lair:1   | Received a gift from Trog
  7912 | Lair:1   | Killed a nine-headed hydra
  7943 | Lair:1   | Got a crude broad axe {god gift}
  7944 | Lair:1   | Identified the +2 broad axe of Nuebberek {holy, *Corrode rElec Str+4} (Trog gifted it to you on level 1 of the Lair of Beasts)
  8541 | Lair:2   | Noticed a five-headed hydra
  8550 | Lair:2   | Killed a six-headed hydra
  9182 | Lair:3   | Reached XP level 12. HP: 112/112 MP: 11/11
  9348 | Lair:3   | Noticed an eight-headed hydra
  9359 | Lair:3   | Killed a ten-headed hydra
  9417 | Lair:3   | Reached ****** piety under Trog
  9514 | Lair:3   | Received a gift from Trog
  9757 | Lair:3   | Noticed a seven-headed hydra
  9768 | Lair:3   | Killed a ten-headed hydra
 10068 | Lair:3   | Gained mutation: You have a pair of large horns on your head. [potion of mutation]
 10068 | Lair:3   | Gained mutation: Scrolls take you a little longer to read. [potion of mutation]
 10068 | Lair:3   | Gained mutation: Your magical capacity is low (-10% MP). [potion of mutation]
 10069 | Lair:3   | Lost mutation: You have a pair of large horns on your head. [potion of cure mutation]
 10069 | Lair:3   | Lost mutation: Your magical capacity is low (-10% MP). [potion of cure mutation]
 10069 | Lair:3   | Lost mutation: Scrolls take you a little longer to read. [potion of cure mutation]
 10070 | Lair:3   | Gained mutation: You tend to lose your temper in combat. [potion of mutation]
 10070 | Lair:3   | Gained mutation: You are partially covered in molten scales (AC +1). [potion of mutation]
 10070 | Lair:3   | Gained mutation: Your body sometimes deteriorates upon taking damage. [potion of mutation]
 10071 | Lair:3   | Lost mutation: Your body sometimes deteriorates upon taking damage. [potion of cure mutation]
 10071 | Lair:3   | Lost mutation: You tend to lose your temper in combat. [potion of cure mutation]
 10071 | Lair:3   | Lost mutation: You are partially covered in molten scales (AC +1). [potion of cure mutation]
 10318 | Lair:4   | Received a gift from Trog
 10662 | Lair:4   | Noticed a dire elephant
 10673 | Lair:4   | Killed a dire elephant
 11997 | Lair:6   | Noticed an eight-headed hydra
 12005 | Lair:6   | Killed a 13-headed hydra
 12005 | Lair:6   | Reached XP level 13. HP: 122/122 MP: 12/12
 12111 | Lair:6   | Found a staircase to the Snake Pit.
 12285 | Lair:6   | Received a gift from Trog
 12537 | Lair:6   | Found a staircase to the Swamp.
 12863 | Lair:6   | Found a staircase to the Slime Pits.
 12863 | Lair:6   | Found a viscous altar of Jiyva.
 12969 | Lair:7   | HP: 3/184 [14-headed hydra (7)]
 12969 | Lair:7   | Slain by a 14-headed hydra

Skill      XL: |  1  2  3  4  5  6  7  8  9 10 11 12 13 |
---------------+----------------------------------------+-----
Fighting       | 4 5 6 7 9 10 12 13 | 13.9
Axes           | 4 5 6 7 9 10 12 13 14 | 14.0
Dodging        | 3 4 5 6 8 9 |  9.6
Armour         | 3 4 5 6 7 8 9 |  9.6
Shields        | 4 6 7 9 10 12 13 14 | 14.2

Action                   |  1- 3 |  4- 6 |  7- 9 | 10-12 | 13-15 || total
-------------------------+-------+-------+-------+-------+-------++-------
Melee: Hand axe          |    58 |   102 |   373 |   229 |       ||   762
       Headbutt          |    10 |    23 |    77 |   152 |    28 ||   290
       Broad axe         |       |       |       |   366 |    96 ||   462
Invok: Berserk           |       |       |     2 |     7 |     2 ||    11
       Burn Spellbooks   |       |       |     1 |     2 |       ||     3
       Trog's Hand       |       |       |       |       |     1 ||     1
Evoke: Wand              |       |    11 |       |    12 |       ||    23
  Use: Scroll            |       |       |     8 |    19 |     1 ||    28
       Potion            |       |       |       |     4 |       ||     4
  Eat: Chunk             |       |     5 |    15 |    17 |     4 ||    41
       Fruit             |       |       |       |     8 |       ||     8
       Royal jelly       |       |       |       |       |     1 ||     1
Armor: Chain mail        |    28 |    64 |   102 |       |       ||   194
       Plate armour      |       |       |    24 |   290 |   129 ||   443
Dodge: Dodged            |    19 |    42 |   103 |   125 |    55 ||   344
Block: Buckler           |       |     5 |    16 |       |       ||    21
       Large shield      |       |       |   161 |   605 |   156 ||   922
       Shield            |       |       |    33 |       |       ||    33
